[Event "Titled Tuesday Blitz August 22 Late 2023"]
[White "Bortnyk, Olexandr"]
[Black "Di Berardino, Diego Rafael"]
[WhiteFideId "14120828"]
[BlackFideId "2105446"]
[WhiteElo "3042"]
[BlackElo "2623"]
[Result "1/2-1/2"]
[Round "2"]
[TimeControl "180+1"]
[Date "2023.08.22"]
[WhiteClock "0:00:07"]
[BlackClock "0:00:06"]
[Board "10"]

1. d4 Nf6 2. Nc3 e6 3. Bf4 Bb4 4. e3 O-O 5. Bd3 d5 6. Nf3 c5 7. dxc5 Nc6 8. Bd6 Re8 9. O-O Nd7 10. Na4 b6 11. Nd4 Bb7 12. Ba6 Qc8 13. Nxc6 Qxc6 14. Bxb7 Qxb7 15. c6 Qxc6 16. Bxb4 Qxa4 17. c3 Qxd1 18. Rfxd1 Nc5 19. Rac1 Rec8 20. f3 b5 21. b3 a5 22. Ba3 h5 23. h4 f6 24. Kf2 Kf7 25. Ke2 Rc6 26. Bb2 a4 27. c4 dxc4 28. bxc4 b4 29. Rb1 e5 30. Rd5 Rac8 31. g4 hxg4 32. fxg4 Ne4 33. Rd7+ Kg8 34. g5 Rxc4 35. gxf6 Nxf6 36. Rb7 Rc2+ 37. Kf3 e4+ 38. Kg3 Rf8 39. Rxb4 Nh5+ 40. Kg4 Rg2+ 41. Kh3 Rg3+ 42. Kh2 Rf2+ 43. Kh1 Rgg2 44. Be5 Ng3+ 45. Bxg3 Rxg3 46. Rxe4 Rgg2 47. Rxa4 Rh2+ 48. Kg1 Rhg2+ 49. Kh1 Rh2+ 50. Kg1 Rhg2+ 51. Kh1 1/2-1/2


[Site "https://www.chess.com"]

[Event "Titled Tuesday Blitz August 22 Late 2023"]
[White "Omelja, Artem"]
[Black "Bluebaum, Matthias"]
[WhiteFideId "14119846"]
[BlackFideId "24651516"]
[WhiteElo "2621"]
[BlackElo "3030"]
[Result "0-1"]
[Round "2"]
[TimeControl "180+1"]
[Date "2023.08.22"]
[WhiteClock "0:00:00"]
[BlackClock "0:01:22"]
[Board "11"]

1. d4 d5 2. c4 e6 3. Nc3 Bb4 4. cxd5 exd5 5. Bf4 c5 6. e3 c4 7. Ne2 Nc6 8. a3 Ba5 9. h3 Be6 10. Qc2 Nf6 11. g4 h5 12. g5 Ne4 13. h4 Bg4 14. Bg2 Bf5 15. Qa4 O-O 16. O-O Re8 17. Nxe4 Bxe4 18. Bxe4 Rxe4 19. Ng3 Rxf4 20. exf4 Nxd4 21. Qd1 Bb6 22. Qxh5 Qd7 23. f5 Nxf5 24. Qg4 g6 25. Rfd1 Re8 26. Nxf5 gxf5 27. Qxc4 Re1+ 28. Rxe1 dxc4 29. Rad1 Qc7 30. Kg2 Qc6+ 31. Kg3 c3 32. bxc3 Qxc3+ 33. Kg2 Qc6+ 34. Kg3 f4+ 35. Kxf4 Kg7 36. Re4 Qc3 37. h5 Bxf2 38. h6+ Kh7 39. Kf5 Qf3+ 40. Rf4 Qxd1 41. Ke4 Qd4+ 42. Kf3 Qe3+ 43. Kg4 Qg3+ 44. Kf5 Be3 45. g6+ Qxg6+ 46. Ke5 Bxf4+ 47. Kxf4 Qxh6+ 48. Kf3 Qe6 49. a4 b6 50. a5 bxa5 0-1


[Site "https://www.chess.com"]

[Event "Titled Tuesday Blitz August 22 Late 2023"]
[White "Mamedov, Rauf"]
[Black "Kim, Sergey"]
[WhiteFideId "13401653"]
[BlackFideId "13700570"]
[WhiteElo "3028"]
[BlackElo "2618"]
[Result "1-0"]
[Round "2"]
[TimeControl "180+1"]
[Date "2023.08.22"]
[WhiteClock "0:00:30"]
[BlackClock "0:00:08"]
[Board "12"]

1. e4 e5 2. Nf3 Nc6 3. Bc4 Bc5 4. c3 Nf6 5. d4 exd4 6. e5 d5 7. Bb5 Ne4 8. cxd4 Bb6 9. Nc3 O-O 10. Be3 Bg4 11. Qa4 Ne7 12. Bd3 Nf5 13. Nxe4 dxe4 14. Bxe4 Bxf3 15. gxf3 Nxd4 16. O-O-O c5 17. Kb1 Qe7 18. f4 Rad8 19. Rhg1 Kh8 20. Qa3 Rfe8 21. h4 f6 22. Bxd4 cxd4 23. Qd3 fxe5 24. fxe5 Qxe5 25. Bxh7 Qf6 26. Rg5 Re5 27. Bf5 Rde8 28. f4 Re1 29. Rh5+ Kg8 30. Qb3+ Qf7 31. Bh7+ Kf8 32. Rf5 1-0


[Site "https://www.chess.com"]

[Event "Titled Tuesday Blitz August 22 Late 2023"]
[White "Zarubitski, Viachaslau"]
[Black "Martinez Alcantara, Jose Eduardo"]
[WhiteFideId "13509373"]
[BlackFideId "3805662"]
[WhiteElo "2614"]
[BlackElo "3023"]
[Result "0-1"]
[Round "2"]
[TimeControl "180+1"]
[Date "2023.08.22"]
[WhiteClock "0:00:00"]
[BlackClock "0:00:16"]
[Board "13"]

1. e4 c5 2. Nf3 d6 3. c3 Nf6 4. h3 g6 5. Bd3 Bg7 6. Bc2 Nbd7 7. d4 e5 8. dxe5 dxe5 9. Qd6 Qe7 10. Qxe7+ Kxe7 11. a4 Ne8 12. Na3 Nd6 13. Nb5 Nxb5 14. axb5 b6 15. Ke2 Bb7 16. Rd1 a6 17. bxa6 Rxa6 18. Rxa6 Bxa6+ 19. Bd3 Bxd3+ 20. Rxd3 Ra8 21. Rd1 f6 22. Kd3 b5 23. Kc2 Ke6 24. Nd2 Bf8 25. Nf1 f5 26. exf5+ gxf5 27. f4 Bh6 28. g4 Bxf4 29. gxf5+ Ke7 30. Ne3 Bxe3 31. Bxe3 Rg8 32. Rd5 Rg2+ 33. Kb3 c4+ 34. Ka3 Rg3 35. Ba7 Rxh3 36. Rxb5 Rh1 37. Kb4 h5 38. Kxc4 h4 39. Kb3 h3 40. Rb4 Kf6 41. Rh4 Kxf5 42. Be3 Nf6 43. Kc4 Ng4 44. Bc5 h2 45. Rh5+ Kg6 46. Rh3 Rb1 47. b4 h1=R 48. Rxh1 Rxh1 49. b5 e4 50. b6 Rh7 51. Bd6 e3 52. Bg3 Nf6 53. Kb5 Nd5 54. c4 Nxb6 55. Kxb6 Rh3 56. Be1 Rh1 0-1


[Site "https://www.chess.com"]

[Event "Titled Tuesday Blitz August 22 Late 2023"]
[White "Sadhwani, Raunak"]
[Black "Saif, Malek"]
[WhiteFideId "35093487"]
[BlackFideId "8104220"]
[WhiteElo "3015"]
[BlackElo "2613"]
[Result "1-0"]
[Round "2"]
[TimeControl "180+1"]
[Date "2023.08.22"]
[WhiteClock "0:00:56"]
[BlackClock "0:00:02"]
[Board "14"]

1. d4 d6 2. e4 Nd7 3. Nc3 c6 4. f4 Qc7 5. Nf3 e5 6. Bc4 b5 7. Bb3 b4 8. Ne2 a5 9. c3 Ba6 10. fxe5 dxe5 11. Ng5 Nh6 12. O-O Nf6 13. dxe5 Bc5+ 14. Kh1 Qxe5 15. Bf4 Qe7 16. h3 O-O 17. Bc2 Nf5 18. e5 Nh5 19. Bxf5 Nxf4 20. Bxh7+ Kh8 21. Nxf4 Qxg5 22. Bd3 Rad8 23. Qe2 Bc8 24. Rae1 bxc3 25. bxc3 Rfe8 26. Bc4 Re7 27. Nd3 Ba7 28. Rxf7 Rxf7 29. Bxf7 Bb8 30. e6 g6 31. e7 Re8 32. Bxe8 Qg3 33. Ne5 Bxh3 34. gxh3 Bxe5 35. Qxe5+ Qxe5 36. Rxe5 1-0


[Site "https://www.chess.com"]

[Event "Titled Tuesday Blitz August 22 Late 2023"]
[White "Nguyen, Ngoc Truong Son"]
[Black "Gunduz, Umut Erdem"]
[WhiteFideId "12401110"]
[BlackFideId "6381383"]
[WhiteElo "3007"]
[BlackElo "2612"]
[Result "1-0"]
[Round "2"]
[TimeControl "180+1"]
[Date "2023.08.22"]
[WhiteClock "0:02:06"]
[BlackClock "0:00:07"]
[Board "15"]

1. d4 Nf6 2. c4 c5 3. Nc3 cxd4 4. Qxd4 Nc6 5. Qh4 e6 6. g4 d5 7. g5 Ne4 8. Bg2 Nxc3 9. bxc3 Qa5 10. Bd2 dxc4 11. Nf3 Ba3 12. Qxc4 e5 13. h4 Be6 14. Qe4 O-O 15. h5 Bb2 16. Rb1 Bxc3 17. g6 f5 18. gxh7+ Kh8 19. Qc2 Bxd2+ 20. Qxd2 Qxa2 21. Qxa2 Bxa2 22. Rxb7 e4 23. Nh4 Rfb8 24. Rc7 Rb1+ 25. Kd2 Rb2+ 26. Ke3 Nb4 27. Rd1 Nd5+ 28. Rxd5 Bxd5 29. h6 Rb7 30. hxg7+ Kxh7 31. Rc5 Be6 32. Nxf5 Bxf5 33. Rxf5 Re8 34. Rf8 Rb3+ 35. Kf4 1-0


[Site "https://www.chess.com"]

[Event "Titled Tuesday Blitz August 22 Late 2023"]
[White "Papayan, Oleg"]
[Black "Matlakov, Maxim"]
[WhiteFideId "4193911"]
[BlackFideId "4168003"]
[WhiteElo "2611"]
[BlackElo "3002"]
[Result "0-1"]
[Round "2"]
[TimeControl "180+1"]
[Date "2023.08.22"]
[WhiteClock "0:00:53"]
[BlackClock "0:00:56"]
[Board "16"]

1. e4 c5 2. Nf3 e6 3. d4 cxd4 4. Nxd4 Nc6 5. Nb5 d6 6. Bf4 e5 7. Be3 a6 8. N5c3 Nf6 9. Nd2 b5 10. Nd5 Nxd5 11. exd5 Ne7 12. Ne4 Nf5 13. Qf3 Nxe3 14. fxe3 f5 15. Ng3 g6 16. a4 b4 17. e4 f4 18. Ne2 Bg7 19. Nc1 O-O 20. Bd3 Qh4+ 21. Qf2 Qg5 22. Nb3 f3 23. g3 Bh6 24. Nd2 Bh3 25. O-O-O Qe3 26. Qxe3 Bxe3 27. Kb1 Bg2 28. Nc4 Bc5 29. Kc1 f2 30. Rhf1 h5 31. h4 Rf3 32. Rh1 Rxg3 33. Rh2 Rf8 34. Bf1 Bxf1 35. Rxf1 Rg1 36. Nd2 Be3 0-1


[Site "https://www.chess.com"]

[Event "Titled Tuesday Blitz August 22 Late 2023"]
[White "Andreikin, Dmitry"]
[Black "Thomforde-Toates, Noah"]
[WhiteFideId "4158814"]
[BlackFideId "30951992"]
[WhiteElo "2994"]
[BlackElo "2610"]
[Result "0-1"]
[Round "2"]
[TimeControl "180+1"]
[Date "2023.08.22"]
[WhiteClock "0:01:00"]
[BlackClock "0:00:21"]
[Board "17"]

1. e4 c5 2. Nc3 g6 3. d4 cxd4 4. Qxd4 Nf6 5. Bb5 a6 6. e5 axb5 7. exf6 Nc6 8. Qh4 b4 9. Nd5 e6 10. Ne3 h6 11. Nf3 Bd6 12. Ng4 h5 13. O-O Qa5 14. Rd1 Bc7 15. Nh6 Ne5 16. Nxe5 Qxe5 17. g3 Bd8 18. Bg5 Ra5 19. f4 Qe3+ 20. Kg2 Qe2+ 21. Kh3 d6 22. Rf1 e5+ 23. f5 Rxh6 24. Bxh6 gxf5 25. Bf4 Qg4+ 26. Qxg4 hxg4+ 27. Kh4 exf4 28. Kg5 f3 29. Rad1 f4+ 30. Kxf4 Bxf6 31. Rfe1+ Be5+ 32. Kg5 Kf8 0-1


[Site "https://www.chess.com"]

[Event "Titled Tuesday Blitz August 22 Late 2023"]
[White "Altman, Joshua"]
[Black "Xiong, Jeffery"]
[WhiteFideId "426210"]
[BlackFideId "2047640"]
[WhiteElo "2609"]
[BlackElo "2994"]
[Result "0-1"]
[Round "2"]
[TimeControl "180+1"]
[Date "2023.08.22"]
[WhiteClock "0:00:14"]
[BlackClock "0:01:22"]
[Board "18"]

1. d4 g6 2. c4 Bg7 3. Nf3 d6 4. Nc3 e5 5. Bg5 f6 6. Bh4 Nc6 7. e3 Nh6 8. dxe5 dxe5 9. Qxd8+ Kxd8 10. O-O-O+ Bd7 11. Nd5 Rf8 12. Nd2 Nf5 13. Bg3 h5 14. Bd3 Nce7 15. Nxe7 Kxe7 16. c5 Rad8 17. Nc4 Be6 18. e4 Rxd3 19. Rxd3 Bxc4 20. Rc3 Nxg3 21. hxg3 Be2 22. Re1 Bh6+ 23. Kc2 Bb5 24. Rd1 Bc6 25. f3 f5 26. exf5 gxf5 27. Rcd3 Rg8 28. Rh1 e4 29. Rd4 Rxg3 30. Rxh5 Rxg2+ 31. Kb3 Bg7 32. Rh7 Ke6 33. Rb4 exf3 0-1


[Site "https://www.chess.com"]

[Event "Titled Tuesday Blitz August 22 Late 2023"]
[White "Van Foreest, Jorden"]
[Black "Atanasov, Anthony"]
[WhiteFideId "1039784"]
[BlackFideId "2623897"]
[WhiteElo "2992"]
[BlackElo "2608"]
[Result "1-0"]
[Round "2"]
[TimeControl "180+1"]
[Date "2023.08.22"]
[WhiteClock "0:00:21"]
[BlackClock "0:00:00"]
[Board "19"]

1. e4 e5 2. Nf3 Nf6 3. Qe2 Bd6 4. d4 exd4 5. c3 O-O 6. cxd4 Nxe4 7. Qxe4 Re8 8. Ne5 Nc6 9. f4 Bb4+ 10. Kd1 d6 11. Nxc6 Rxe4 12. Nxd8 Re1+ 13. Kc2 Bf5+ 14. Kb3 Rxc1 15. Kxb4 Rxd8 16. g3 c5+ 17. Ka3 Be4 18. Bg2 Rxh1 19. Bxh1 Bxh1 20. Nc3 cxd4 21. Nb5 Bc6 22. Nxd4 Kf8 23. Rc1 Rc8 24. Kb4 a5+ 25. Kxa5 Ra8+ 26. Kb6 Rxa2 27. b3 Rxh2 28. Nxc6 bxc6 29. Kxc6 Ke7 30. b4 Rg2 31. Rc3 Kd8 32. b5 f5 33. Kb7 h6 34. b6 g5 35. Kb8 gxf4 36. gxf4 Rf2 37. b7 Rxf4 38. Ra3 Rb4 39. Ka7 Kc7 40. Rc3+ Kd7 41. b8=Q Ra4+ 42. Kb7 Rb4+ 43. Ka8 Ra4+ 44. Qa7+ Rxa7+ 45. Kxa7 Ke6 46. Kb6 Kd5 47. Kb5 f4 48. Kb4 Kd4 49. Kb3 d5 50. Kc2 Ke4 51. Kd2 f3 52. Ke1 d4 53. Ra3 d3 54. Ra8 Ke3 55. Re8+ Kd4 56. Kd2 h5 57. Re3 f2 58. Rf3 Ke4 59. Rxf2 h4 60. Rh2 1-0


[Site "https://www.chess.com"]

[Event "Titled Tuesday Blitz August 22 Late 2023"]
[White "Santos Latasa, Jaime"]
[Black "Vlassov, Nikolai"]
[WhiteFideId "2293307"]
[BlackFideId "4103360"]
[WhiteElo "2981"]
[BlackElo "2607"]
[Result "0-1"]
[Round "2"]
[TimeControl "180+1"]
[Date "2023.08.22"]
[WhiteClock "0:01:01"]
[BlackClock "0:00:07"]
[Board "20"]

1. Nf3 c5 2. e3 g6 3. d3 Bg7 4. d4 Nf6 5. a3 cxd4 6. exd4 O-O 7. Be2 d5 8. O-O Nc6 9. c3 Bg4 10. Bf4 e6 11. Nbd2 Nh5 12. Be3 f5 13. h3 Bxh3 14. Bg5 Qc7 15. gxh3 h6 16. Bh4 g5 17. Nxg5 hxg5 18. Bxh5 gxh4 19. Kh1 Rf6 20. Rg1 Kh8 21. Bg6 Qf4 22. Qh5+ Qh6 23. Nf3 Rg8 24. Rae1 Qxh5 25. Bxh5 Bh6 26. Rxg8+ Kxg8 27. Nxh4 Bd2 28. Re2 Rh6 29. Rxd2 Rxh5 30. Ng6 Rxh3+ 31. Kg2 Rh6 32. Nf4 Kf7 33. Re2 Ne7 34. Re3 Nc8 35. Nd3 Nd6 36. Ne5+ Kf6 37. Rg3 Nc4 38. Nxc4 dxc4 39. Rg8 Rg6+ 40. Rxg6+ Kxg6 41. a4 Kg5 42. Kf3 b6 43. Kg3 f4+ 44. Kh3 Kf5 45. Kh4 Ke4 46. Kg4 f3 47. Kg3 a5 48. Kg4 Kd3 49. Kxf3 Kc2 50. Ke4 Kxb2 51. Ke5 Kxc3 52. Kxe6 Kxd4 53. f4 c3 54. f5 c2 55. f6 c1=Q 56. f7 Qc5 0-1


[Site "https://www.chess.com"]

[Event "Titled Tuesday Blitz August 22 Late 2023"]
[White "Aldokhin, Ivan"]
[Black "Harikrishna, Pentala"]
[WhiteFideId "24115720"]
[BlackFideId "5007003"]
[WhiteElo "2600"]
[BlackElo "2980"]
[Result "0-1"]
[Round "2"]
[TimeControl "180+1"]
[Date "2023.08.22"]
[WhiteClock "0:00:00"]
[BlackClock "0:01:07"]
[Board "21"]

1. e4 e5 2. Nf3 Nc6 3. Bb5 a6 4. Ba4 Nf6 5. O-O Be7 6. Re1 b5 7. Bb3 d6 8. c3 O-O 9. d4 Bg4 10. d5 Na5 11. Bc2 c6 12. h3 Bc8 13. dxc6 Nxc6 14. Nbd2 Be6 15. Nf1 h6 16. Ng3 Re8 17. Nh4 Bf8 18. Nhf5 Kh7 19. Qf3 g6 20. Ne3 Bg7 21. Nd5 Rc8 22. Qd1 Ne7 23. Nxf6+ Bxf6 24. a4 Qc7 25. axb5 axb5 26. Bb3 Bxb3 27. Qxb3 Qc4 28. Qxc4 bxc4 29. Ra7 Kg7 30. Rd1 Red8 31. Nf1 d5 32. exd5 Nxd5 33. Ne3 Nf4 34. Rxd8 Rxd8 0-1


[Site "https://www.chess.com"]

[Event "Titled Tuesday Blitz August 22 Late 2023"]
[White "Paravyan, David"]
[Black "Pinheiro, Iung Alicio de O."]
[WhiteFideId "4194985"]
[BlackFideId "2104350"]
[WhiteElo "2976"]
[BlackElo "2600"]
[Result "1-0"]
[Round "2"]
[TimeControl "180+1"]
[Date "2023.08.22"]
[WhiteClock "0:01:30"]
[BlackClock "0:00:05"]
[Board "22"]

1. e4 c5 2. Nf3 Nc6 3. Bb5 e6 4. O-O Nge7 5. Re1 Nd4 6. Nxd4 cxd4 7. c3 a6 8. Bf1 Nc6 9. d3 Bc5 10. Nd2 O-O 11. Nb3 Ba7 12. cxd4 Nxd4 13. Be3 Nc6 14. Bxa7 Rxa7 15. d4 d5 16. e5 Ra8 17. Rc1 f6 18. exf6 Qxf6 19. Qd2 Bd7 20. Nc5 Bc8 21. Nb3 Bd7 22. Nc5 Bc8 23. Red1 Ne7 24. Bd3 b6 25. Nb3 Bd7 26. Rc7 Ba4 27. Re1 Bxb3 28. axb3 Kh8 29. g3 Rae8 30. Qe3 Nf5 31. Bxf5 Qxf5 32. b4 h6 33. f4 a5 34. b5 Rc8 35. Rc6 Rce8 36. Rxb6 g5 37. Rxe6 Rxe6 38. Qxe6 Qxe6 39. Rxe6 gxf4 40. b6 fxg3 41. hxg3 Kg7 42. b7 Rb8 43. Rb6 Kf7 44. Rxh6 Ke7 45. Rb6 Kd7 46. Kg2 Kc7 47. Rb3 a4 48. Rb4 Kc6 49. g4 Kc7 50. Kg3 Kc6 51. g5 Kc7 52. Kg4 Re8 53. b8=Q+ 1-0


[Site "https://www.chess.com"]

[Event "Titled Tuesday Blitz August 22 Late 2023"]
[White "Vasquez Schroeder, Rodrigo"]
[Black "TimGrutter03"]
[WhiteFideId "3400042"]
[WhiteElo "2965"]
[BlackElo "2594"]
[Result "1-0"]
[Round "2"]
[TimeControl "180+1"]
[Date "2023.08.22"]
[WhiteClock "0:01:30"]
[BlackClock "0:00:18"]
[Board "23"]

1. e4 g6 2. d4 Bg7 3. Nf3 d6 4. Bc4 Nf6 5. Qe2 O-O 6. e5 dxe5 7. dxe5 Nd5 8. h3 Nc6 9. O-O Nb6 10. Rd1 Qxd1+ 11. Qxd1 Nxc4 12. Qe2 N4xe5 13. Nbd2 Be6 14. Nxe5 Nxe5 15. Ne4 Rfd8 16. Bd2 b6 17. Bc3 Rd5 18. f4 Nc4 19. Bxg7 Kxg7 20. Ng5 Nxb2 21. Nxe6+ fxe6 22. Qxe6 Rad8 23. Qxe7+ Kg8 24. Qxc7 Nd1 25. Kh2 Ne3 26. Re1 Nf5 27. Qc6 Rd2 28. Re8+ Rxe8 29. Qxe8+ Kg7 30. Qe5+ Kh6 31. Qc3 Re2 32. Kg1 Re3 33. Qf6 Re8 34. g4 Ne3 35. Qf7 Rh8 36. Qe6 Nxg4 37. hxg4 1-0


[Site "https://www.chess.com"]

[Event "Titled Tuesday Blitz August 22 Late 2023"]
[White "Postlmayer, Jakob"]
[Black "Ahmadzada, Ahmad"]
[WhiteFideId "1643622"]
[BlackFideId "13413007"]
[WhiteElo "2590"]
[BlackElo "2957"]
[Result "0-1"]
[Round "2"]
[TimeControl "180+1"]
[Date "2023.08.22"]
[WhiteClock "0:00:06"]
[BlackClock "0:00:05"]
[Board "24"]

1. d4 Nf6 2. Nf3 e6 3. e3 d5 4. Bd3 c5 5. b3 Nc6 6. O-O Bd6 7. dxc5 Bxc5 8. Bb2 O-O 9. Nbd2 Qe7 10. c4 e5 11. cxd5 Nxd5 12. a3 Rd8 13. Qc2 h6 14. b4 Bxe3 15. fxe3 Nxe3 16. Qc3 Nxf1 17. Rxf1 f6 18. Ne4 Be6 19. Nc5 Bf7 20. Bb1 b6 21. Ne4 Rac8 22. Qe3 Rc7 23. Ng3 Kh8 24. Qe4 g6 25. Nh4 Rg8 26. Qe3 Be8 27. Ne4 f5 28. Nxf5 gxf5 29. Qxh6+ Qh7 30. Qxh7+ Rxh7 31. Nf6 Rhg7 32. Nxg8 Kxg8 33. Rxf5 Bg6 34. Rf1 Bxb1 35. Rxb1 Rd7 36. Re1 Rd5 37. h4 b5 38. Re2 Kf7 39. Kh2 Kg6 40. Kh3 Kf5 41. Rf2+ Ke4 42. h5 Rd6 43. g4 Nd8 44. g5 Ne6 45. Kg4 Rd1 46. g6 Rg1+ 47. Kh3 Nf4+ 48. Kh2 Rg5 49. Bc1 Rxh5+ 50. Kg3 Rg5+ 51. Kh4 Rxg6 52. Bxf4 exf4 53. Re2+ Kf3 54. Re5 Rg1 55. Rxb5 Rh1+ 56. Kg5 Kg3 57. Rb7 f3 58. Rxa7 f2 59. Rf7 Ra1 60. Rf4 Rxa3 61. Rg4+ Kh2 62. Rf4 Kg2 63. Kf5 Rf3 0-1


[Site "https://www.chess.com"]

[Event "Titled Tuesday Blitz August 22 Late 2023"]
[White "Keymer, Vincent"]
[Black "Grebeniuk, Semen"]
[WhiteFideId "12940690"]
[BlackFideId "14117509"]
[WhiteElo "2953"]
[BlackElo "2589"]
[Result "1-0"]
[Round "2"]
[TimeControl "180+1"]
[Date "2023.08.22"]
[WhiteClock "0:00:46"]
[BlackClock "0:00:00"]
[Board "25"]

1. a3 g6 2. Nf3 Bg7 3. d4 f5 4. b4 Nf6 5. Bb2 O-O 6. e3 d6 7. Nbd2 Qe8 8. Be2 Nbd7 9. Bc4+ Kh8 10. Ng5 Nb6 11. Bb3 e5 12. dxe5 dxe5 13. h4 c6 14. e4 fxe4 15. Ndxe4 Nxe4 16. Nxe4 Be6 17. h5 Bxb3 18. cxb3 Rd8 19. Qe2 Rf4 20. h6 Bf8 21. Nc5 Rd5 22. Rd1 Bxc5 23. Rxd5 Bxf2+ 24. Kd2 Nxd5 25. Bxe5+ Kg8 26. Bxf4 Qd7 27. Qd3 Qg4 28. g3 Nxf4 29. gxf4 Qxf4+ 30. Kc2 Bd4 31. Re1 Qf2+ 32. Re2 1-0


[Site "https://www.chess.com"]

[Event "Titled Tuesday Blitz August 22 Late 2023"]
[White "Leenhouts, Koen"]
[Black "Zhigalko, Sergei"]
[WhiteFideId "1008439"]
[BlackFideId "13502956"]
[WhiteElo "2586"]
[BlackElo "2950"]
[Result "0-1"]
[Round "2"]
[TimeControl "180+1"]
[Date "2023.08.22"]
[WhiteClock "0:00:03"]
[BlackClock "0:00:34"]
[Board "26"]

1. d4 Nf6 2. c4 e6 3. Nc3 Bb4 4. e3 O-O 5. Bd3 d5 6. a3 Bxc3+ 7. bxc3 c5 8. cxd5 exd5 9. Ne2 Bg4 10. f3 Bh5 11. O-O Bg6 12. Ng3 Re8 13. Ra2 Nc6 14. Re2 Qa5 15. Bb2 Rad8 16. Kh1 a6 17. Nf5 Qc7 18. Bb1 h6 19. Qe1 Qc8 20. g4 Ne7 21. Ng3 Bxb1 22. Qxb1 Ng6 23. a4 cxd4 24. cxd4 Qc4 25. Qd1 Re6 26. Rfe1 Rde8 27. Ba3 Nh4 28. Rc2 Qxa4 29. Bc1 Nxf3 0-1


[Site "https://www.chess.com"]

[Event "Titled Tuesday Blitz August 22 Late 2023"]
[White "Chigaev, Maksim"]
[Black "Martinez Reyes, Pedro Ramon"]
[WhiteFideId "4108116"]
[BlackFideId "3901807"]
[WhiteElo "2949"]
[BlackElo "2586"]
[Result "1-0"]
[Round "2"]
[TimeControl "180+1"]
[Date "2023.08.22"]
[WhiteClock "0:00:18"]
[BlackClock "0:00:11"]
[Board "27"]

1. e4 c5 2. Ne2 Nc6 3. Nbc3 e5 4. Nd5 Nf6 5. Nec3 Be7 6. Bc4 d6 7. d3 O-O 8. O-O Na5 9. Nxe7+ Qxe7 10. Bg5 Be6 11. Nd5 Bxd5 12. Bxd5 h6 13. Bxf6 Qxf6 14. c3 Nc6 15. Qd2 g5 16. g3 Qf3 17. Rae1 Kg7 18. Re3 Qh5 19. f4 f6 20. f5 Rab8 21. Qc2 Ne7 22. Be6 Rfd8 23. Qg2 Qe8 24. g4 Qa4 25. h4 Rh8 26. Rh3 Rh7 27. Qd2 Rbh8 28. Rf2 d5 29. b3 Qc6 30. Rfh2 dxe4 31. hxg5 fxg5 32. Rxh6 Rxh6 33. Qxg5+ Ng6 34. f6+ Kf8 35. Rxh6 Qxe6 36. Rxh8+ Nxh8 37. Qg7+ Ke8 38. Qxh8+ Kd7 39. Qg7+ Kd6 40. f7 1-0


[Site "https://www.chess.com"]

[Event "Titled Tuesday Blitz August 22 Late 2023"]
[White "Rosen, Eric"]
[Black "Drygalov, Sergey"]
[WhiteFideId "2032562"]
[BlackFideId "24171743"]
[WhiteElo "2583"]
[BlackElo "2942"]
[Result "0-1"]
[Round "2"]
[TimeControl "180+1"]
[Date "2023.08.22"]
[WhiteClock "0:00:00"]
[BlackClock "0:01:06"]
[Board "28"]

1. d4 Nf6 2. Bf4 e6 3. e3 b6 4. Qf3 d5 5. Nc3 Bd6 6. g4 Bb7 7. O-O-O Ne4 8. Nge2 Nd7 9. Nxe4 dxe4 10. Qg3 Nf6 11. Bg2 O-O 12. h4 a5 13. h5 a4 14. g5 Nd5 15. Bxd6 cxd6 16. Bxe4 Rc8 17. g6 fxg6 18. hxg6 h6 19. Rh4 a3 20. b3 Nb4 21. Bd3 Ba6 22. Kd2 Bxd3 23. cxd3 Rc2+ 24. Ke1 Rxa2 25. Nf4 Qf6 26. Rd2 Rxd2 27. Kxd2 a2 28. Rh1 e5 29. dxe5 Qxe5 30. d4 Qe4 31. Rd1 Qc2+ 32. Ke1 Qxd1+ 33. Kxd1 a1=Q+ 34. Ke2 Qb2+ 35. Kf3 Nd5 36. Qg4 Nxf4 37. exf4 Qxb3+ 38. Kg2 Qd5+ 39. Kg1 Qf5 40. Qg2 Qxf4 41. Qd5+ Kh8 42. Qa2 Qg5+ 43. Kh1 Qxg6 44. d5 Rf5 45. Qa8+ Kh7 0-1


[Site "https://www.chess.com"]

[Event "Titled Tuesday Blitz August 22 Late 2023"]
[White "Kovalev, Vladislav"]
[Black "Principe, Gerson"]
[WhiteFideId "13504398"]
[BlackFideId "3804550"]
[WhiteElo "2937"]
[BlackElo "2580"]
[Result "1-0"]
[Round "2"]
[TimeControl "180+1"]
[Date "2023.08.22"]
[WhiteClock "0:00:08"]
[BlackClock "0:00:08"]
[Board "29"]

1. e4 c6 2. Nf3 d5 3. d3 Bg4 4. Nbd2 Nd7 5. h3 Bh5 6. g4 Bg6 7. Qe2 e6 8. Bg2 Bd6 9. b3 Ne7 10. Bb2 O-O 11. h4 f6 12. h5 Bf7 13. h6 g5 14. e5 Nxe5 15. Nxe5 fxe5 16. Bxe5 Ng6 17. Bg7 Re8 18. O-O Nf4 19. Qe3 Nxg2 20. Kxg2 Bf4 21. Qe2 e5 22. Rae1 Qd7 23. f3 Re6 24. Rh1 Rae8 25. Qf2 b6 26. Re2 Bg6 27. Rhe1 Qe7 28. Kg1 Qb4 29. Nf1 Qa3 30. Ne3 Qe7 31. Ng2 Qf7 32. Nxf4 Qxf4 33. Qe3 e4 34. dxe4 dxe4 35. Qxf4 gxf4 36. fxe4 Bxe4 37. Kf2 Kf7 38. Rd1 R8e7 39. Rd4 c5 40. Rd8 Kg6 41. Rf8 Rf7 42. Rg8 Bd5 43. Be5+ Kxh6 44. Kg1 f3 45. Rh2# 1-0


[Site "https://www.chess.com"]

[Event "Titled Tuesday Blitz August 22 Late 2023"]
[White "Dominguez Perez, Leinier"]
[Black "Erzhanov, Arman"]
[WhiteFideId "3503240"]
[BlackFideId "4138821"]
[WhiteElo "2935"]
[BlackElo "2579"]
[Result "1-0"]
[Round "2"]
[TimeControl "180+1"]
[Date "2023.08.22"]
[WhiteClock "0:00:58"]
[BlackClock "0:00:56"]
[Board "30"]

1. e4 d6 2. d4 Nf6 3. Nc3 c6 4. f4 d5 5. e5 Ng8 6. Bd3 h5 7. Nf3 Nh6 8. Be3 g6 9. Qd2 Bg4 10. O-O e6 11. h3 Bxf3 12. Rxf3 h4 13. Ne2 Nf5 14. Bf2 Be7 15. c3 Nd7 16. Kh2 c5 17. a4 c4 18. Bc2 a6 19. Be1 b5 20. Rf1 Kf8 21. Ng1 Kg7 22. Nf3 Qb6 23. axb5 Qxb5 24. Ra2 Nb6 25. Bf2 Nd7 26. Rfa1 Nb8 27. Qe1 Rh5 28. Bxf5 Rxf5 29. Bxh4 Bxh4 30. Qxh4 Qe8 31. Ng5 Qh8 32. Qxh8+ Kxh8 33. g4 Rxf4 34. Kg3 Re4 35. Nxe4 dxe4 36. Kf4 Ra7 37. Kxe4 Kg7 38. h4 Rb7 39. h5 Kh6 40. Rh1 Kg7 41. h6+ Kh7 42. g5 Rd7 43. Rha1 Rb7 44. d5 exd5+ 45. Kxd5 Rb5+ 46. Kxc4 Rxe5 47. Ra5 Re4+ 48. Kd3 Rg4 49. Rf1 Kg8 50. Re5 Rg3+ 51. Kc2 Rg2+ 52. Kb1 Kf8 53. Rfe1 1-0


[Site "https://www.chess.com"]

[Event "Titled Tuesday Blitz August 22 Late 2023"]
[White "Badelka, Olga"]
[Black "Henriquez Villagra, Cristobal"]
[WhiteFideId "13509926"]
[BlackFideId "3409350"]
[WhiteElo "2578"]
[BlackElo "2932"]
[Result "0-1"]
[Round "2"]
[TimeControl "180+1"]
[Date "2023.08.22"]
[WhiteClock "0:00:02"]
[BlackClock "0:00:23"]
[Board "31"]

1. d4 d6 2. e4 Nf6 3. Bd3 e5 4. c3 Be7 5. Nf3 Nbd7 6. O-O O-O 7. Re1 Re8 8. Nbd2 Bf8 9. Nf1 c6 10. Bg5 a5 11. a4 h6 12. Bd2 exd4 13. cxd4 c5 14. e5 dxe5 15. dxe5 Nd5 16. Bb5 Re6 17. Bxh6 Rxh6 18. Qxd5 Qe7 19. Rad1 Nb6 20. Qd8 Bg4 21. Qxe7 Bxe7 22. Ne3 Be6 23. Nd2 Rh4 24. g3 Rb4 25. f4 g6 26. Nf3 Rxb2 27. g4 Bb3 28. Rb1 Rxb1 29. Rxb1 c4 30. Kg2 Bc5 31. Nf1 Rd8 32. N1d2 Bxa4 33. Bxa4 Nxa4 34. Rxb7 c3 35. Ne4 c2 36. Nf6+ Kf8 37. Ng5 Be7 38. Ngh7+ Kg7 39. Rxe7 c1=Q 40. Ng5 Rd2+ 41. Kh3 Qf1+ 42. Kh4 Qf2+ 43. Kh3 Qxh2# 0-1


[Site "https://www.chess.com"]